 Dungeon Crawl Stone Soup version 0.23-a0-644-gb60d84b (webtiles) character file.

67 Borgoz the Skirmisher (level 4, 0/41 HPs)
             Began as a Hill Orc Abyssal Knight on Jan 1, 2019.
             Was a Follower of Lugonu.
             Slain by Grinder (4 damage)
             ... on level 3 of the Dungeon.
             The game lasted 00:03:16 (1945 turns).

Borgoz the Skirmisher (Hill Orc Abyssal Knight)     Turns: 1945, Time: 00:03:17

Health: 0/41       AC:  3    Str: 14    XL:     4   Next: 16%
Magic:  5/5        EV: 11    Int: 12    God:    Lugonu [*.....]
Gold:   166        SH:  0    Dex: 11    Spells: 3/3 levels left

rFire    . . .     SeeInvis .   a - +1 hand axe
rCold    . . .     Gourm    .   (no shield)
rNeg     . . .     Faith    .   b - +0 leather armour
rPois    .         Spirit   .   (no helmet)
rElec    .         Reflect  .   (no cloak)
rCorr    .         Harm     .   (no gloves)
MR       .....                  (no boots)
Stlth    +.........             (no amulet)
HPRegen  0.13/turn              (no ring)
MPRegen  0.09/turn              (no ring)

@: no status effects
A: no striking features
a: Depart the Abyss, Renounce Religion


You were on level 3 of the Dungeon.
You worshipped Lugonu.
Lugonu was aware of your devotion.
You were not hungry.

You visited 1 branch of the dungeon, and saw 3 of its levels.
You visited the Abyss 1 time.

You collected 166 gold pieces.

Inventory:

Hand Weapons
 a - a +1 hand axe (weapon)
 n - a +2 war axe of distortion
Armour
 b - a +0 leather armour (worn)
Scrolls
 d - a scroll of remove curse {unknown}
 g - 3 scrolls of identify {unknown}
 h - 3 scrolls of immolation {unknown}
 j - a scroll of noise {unknown}
 m - 2 scrolls of enchant weapon {unknown}
 o - a scroll of enchant armour {unknown}
Potions
 e - a potion of flight {unknown}
 f - a potion of haste {unknown}
 i - 2 potions of agility {unknown}
 k - 4 potions of curing {unknown}
 l - a potion of lignification {unknown}
Comestibles
 c - 6 rations


   Skills:
 + Level 4.8 Fighting
 + Level 3.8 Axes
 + Level 2.5 Armour
 + Level 1.2 Dodging
 + Level 2.5 Invocations


You had 3 spell levels left.
You didn't know any spells.
Your spell library was empty.

Dungeon Overview and Level Annotations

Branches:
Dungeon (3/15)

Altars:

Annotations:
D:3 Grinder


Message History

Grinder is moderately wounded.
Grinder hits you but does no damage.
You barely miss Grinder.
Grinder is moderately wounded.
Grinder barely misses you.
You closely miss Grinder.
Grinder is moderately wounded.
Grinder barely misses you.
You closely miss Grinder.
Grinder is moderately wounded.
Grinder barely misses you.
You hit Grinder but do no damage.
Grinder is moderately wounded.
Grinder hits you but does no damage. x2
You hit Grinder.
Grinder is moderately wounded.
Grinder hits you!
* * * LOW HITPOINT WARNING * * *
You writhe in agony.
You die...

#.################
##......
#................#
........
#......###.......#
##......
#......+.........#
#......
#......###.......#
#######
#.#.#+#..........#
#.#.# #.##.......#
#.#.....##...5...#
#.###.####...†@..#
... #.......# ###
#........#
#.###...## #.
#.#.# #. #.#.. #.
#.#### ..#


You could see Grinder.

Vanquished Creatures
  An adder (D:2)
  2 worms
  A dart slug (D:1)
  A ball python (D:2)
  6 bats
  A giant cockroach (D:2)
  4 goblins (D:1)
  6 hobgoblins
  5 jackals
  A quokka (D:2)
  4 frilled lizards
  9 kobolds
  7 rats
48 creatures vanquished.

Notes
Turn   | Place    | Note
-------+----------+-------------------------------------------
     0 | Abyss:1  | Borgoz the Hill Orc Abyssal Knight began the quest for the
                  | Orb.
     0 | Abyss:1  | Reached XP level 1. HP: 19/19 MP: 2/2
   119 | Abyss:3  | Noticed a large abomination
   123 | Abyss:3  | Noticed a large abomination
   126 | D:1      | Escaped the Abyss
   204 | D:1      | Reached skill level 4 in Fighting
   207 | D:1      | Reached XP level 2. HP: 27/27 MP: 3/3
   221 | D:1      | Reached * piety under Lugonu
   472 | D:1      | Reached XP level 3. HP: 27/34 MP: 4/4
   733 | D:1      | Reached skill level 1 in Dodging
  1489 | D:2      | Reached XP level 4. HP: 37/41 MP: 5/5
  1494 | D:2      | Found a faded altar of an unknown god.
  1923 | D:3      | Noticed Grinder
  1945 | D:3      | Slain by Grinder

Vault maps used:
D:1:      wheals_arrival_shading
D:2:      first_ration, chequers_ecumenical_altar_simple, kennysheep_potato
D:3:      chequers_avenue, uniq_grinder
Abyss:3:  hangedman_cross_veins, minivault_25, evilmike_abyss_exit_12

Skill      XL: |  1  2  3 |
---------------+----------+-----
Fighting       | 4 |  4.8
Axes           | 3 |  3.8
Dodging        | 1 |  1.2
Armour         | |  2.5
Invocations    | |  2.5

Action                   |  1- 3 |  4- 6 || total
-------------------------+-------+-------++-------
Melee: Hand axe          |   112 |    37 ||   149
Invok: Depart the Abyss  |     1 |       ||     1
  Eat: Chunk             |     1 |     2 ||     3
Armor: Leather armour    |    30 |    11 ||    41
Dodge: Dodged            |    87 |    16 ||   103

Table legend:
 A = Non-vault XP
 B = Vault XP
 C = Vault XP percentage of total XP
 D = Non-vault monster count
 E = Vault monster count
 F = Vault count percentage of total count
                 A         B        C        D         E       F
            +---------+---------+-------+---------+---------+-------
      Total |      88 |       8 |   8.3 |      45 |       3 |   6.2
            +---------+---------+-------+---------+---------+-------
        D:1 |      52 |       0 |   0.0 |      31 |       0 |   0.0
        D:2 |      22 |       8 |  26.7 |       7 |       3 |  30.0
        D:3 |      14 |       0 |   0.0 |       7 |       0 |   0.0
            +---------+---------+-------+---------+---------+-------
